 Dungeon Crawl Stone Soup version 0.28-a0-932-g843f935a50 (webtiles) character file.

Game seed: 5982068241909337561

29312 ders the Geomancer (level 13, -23/63 HPs)
             Began as a Gargoyle Earth Elementalist on Nov 27, 2021.
             Was a High Priest of Vehumet.
             Annihilated by a boulder beetle (51 damage)
             ... on level 6 of the Lair of Beasts.
             The game lasted 00:29:44 (19318 turns).

ders the Geomancer (Gargoyle Earth Elementalist)   Turns: 19318, Time: 00:29:44

Health: -23/63     AC: 15    Str: 12    XL:     13   Next: 44%
Magic:  4/37       EV: 11    Int: 24    God:    Vehumet [*****.]
Gold:   1542       SH:  0    Dex: 10    Spells: 14/35 levels left

rFire   . . .      SeeInvis +   j - staff of earth
rCold   . . .      Faith    +   (no shield)
rNeg    + + +      Spirit   .   b - +0 robe
rPois   ∞          Reflect  .   q - +0 hat
rElec   +          Harm     .   D - +1 cloak
rCorr   .          Rampage  .   (no gloves)
Will    .....                   O - +1 pair of boots of Jewurr {rN++ Slay+2}
Stlth   ++........              o - amulet of faith
HPRegen 0.20/turn               z - ring of Equivalence {rPois MP+9 Int+3}
MPRegen 0.25/turn               r - ring of see invisible

@: no status effects
A: sickness immunity, AC +9, negative energy resistance 1, electricity
resistance, torment resistance 1, petrification resistance
a: Renounce Religion


You were on level 6 of the Lair of Beasts.
You worshipped Vehumet.
Vehumet was extremely pleased with you.
You visited 3 branches of the dungeon, and saw 18 of its levels.

You collected 1777 gold pieces.
You spent 235 gold pieces at shops.

Inventory:

Hand Weapons
 y - a +3 dagger of holy wrath
Missiles
 c - 242 stones
Armour
 b - a +0 robe (worn)
 n - a +2 pair of boots
 q - a +0 hat (worn)
 D - a +1 cloak (worn)
 O - the +1 pair of boots of Jewurr (worn) {rN++ Slay+2}
   (You found it on level 4 of the Lair of Beasts)

   Slay:      It affects your accuracy & damage with ranged weapons and melee
   (+2).
   rN:        It greatly protects you from negative energy.
Magical Staves
 j - a staff of earth (weapon)
Jewellery
 g - a ring of flight
 l - a ring of fire
 o - an amulet of faith (around neck)
 r - a ring of see invisible (right hand)
 z - the ring of Equivalence (left hand) {rPois MP+9 Int+3}
   (You acquired it on level 10 of the Dungeon)

   [ring of magical power]

   Int:       It affects your intelligence (+3).
   rPois:     It protects you from poison.
   MP:        It affects your magic capacity (+9).
 K - a ring of positive energy
 N - a ring of fire
Wands
 s - a wand of acid (10)
 v - a wand of charming (23)
 A - a wand of polymorph (14)
 C - a wand of flame (81)
 H - a wand of paralysis (24)
 J - a wand of mindburst (12)
Scrolls
 d - a scroll of immolation
 e - 6 scrolls of amnesia
 h - 3 scrolls of teleportation
 i - 2 scrolls of summoning
 k - 4 scrolls of enchant weapon
 u - 4 scrolls of magic mapping
 P - a scroll of identify
Potions
 a - 2 potions of brilliance
 f - a potion of berserk rage
 m - 3 potions of curing
 p - a potion of flight
 t - 3 potions of haste
 w - a potion of resistance
 x - a potion of mutation {unknown}
 B - a potion of might {unknown}
 E - a potion of lignification {unknown}
 F - a potion of cancellation {unknown}
 G - 2 potions of attraction {unknown}
 I - a potion of invisibility {unknown}
 M - a potion of magic {unknown}
Miscellaneous
 L - a lightning rod (4/4)


   Skills:
 + Level 0.1 Fighting
 - Level 1.5 Dodging
 + Level 2.7 Stealth
 + Level 11.8 Spellcasting
 + Level 13.3 Conjurations
 + Level 0.7 Transmutations
 + Level 3.5 Ice Magic
 + Level 5.2 Air Magic
 + Level 14.8 Earth Magic


You had 14 spell levels left.
You knew the following spells:

 Your Spells              Type           Power      Damage    Failure   Level
a - Sandblast             Erth           100%       2d20      0%          1
b - Stone Arrow           Conj/Erth      100%       3d13      1%          3
c - Petrify               Tmut/Erth      67%        N/A       1%          4
d - Frozen Ramparts       Ice            62%        1d8       1%          3
e - Lightning Bolt        Conj/Air       28%        1d44      1%          5
f - Freezing Cloud        Conj/Ice/Air   24%        6-21      1%          5

Your spell library contained the following spells:

 Spells                   Type           Power      Damage    Failure   Level
 Lee's Rapid Deconstruct  Erth           45%        3d23*     1%          5
 Passwall                 Tmut/Erth      55%        N/A       1%          2
 Poisonous Vapours        Pois/Air       52%        N/A       1%          2
 Static Discharge         Conj/Air       56%        N/A       1%          2
 Sting                    Tmut/Pois      60%        1d6       3%          1
 Olgreb's Toxic Radiance  Pois           14%        N/A       12%         4
 Maxwell's Capacitive Co  Air            19%        ∞         99%         8


Dungeon Overview and Level Annotations

Branches:
Dungeon (11/15)            Temple (1/1) D:5            Lair (6/6) D:8
  Swamp (0/4) Lair:2       Spider (0/4) Lair:4        Slime (0/5) Lair:5
    Orc (0/2) D:10

Altars:
Ashenzari
Cheibriados
Dithmenos
Elyvilon
Fedhas
Gozag
Hepliaklqana
Kikubaaqudgha
Makhleb
Nemelex Xobeh
Okawaru
Qazlal
Ru
Sif Muna
Trog
Uskayaw
Vehumet
Wu Jian
Xom
Yredelemnul
Zin
The Shining One
Jiyva

Shops:
D:6 =?   D:10 [

Annotations:
D:11 Erica


Innate Abilities, Weirdness & Mutations

You are immune to sickness and miasma.
Your stone body is resilient. (AC +9)
You are immune to poison.
You resist negative energy. (rN+)
You are resistant to electric shocks. (rElec)
You are resistant to unholy torment.
You are immune to petrification.


Message History

Aim: an elephant (heavily wounded, 100% to hit)
You feel a surge of power!
The stone arrow hits the elephant!
The elephant is almost dead.
Unknown command.
Casting: Stone Arrow (safe; 1% risk of failure)
Confirm with . or Enter, or press ? or * to list all spells.
Aiming: Stone Arrow (safe; 1% risk of failure)
Press: ? - help, Shift-Dir - straight line, f/p - elephant
Aim: an elephant (almost dead, 100% to hit)
You feel a surge of power!
The stone arrow hits the elephant!
You kill the elephant!
Vehumet accepts your kill.
You feel your power returning.
Unknown command.
A black mamba is nearby!
Casting: Stone Arrow (safe; 1% risk of failure)
Confirm with . or Enter, or press ? or * to list all spells.
Aiming: Stone Arrow (safe; 1% risk of failure)
Press: ? - help, Shift-Dir - straight line, f - black mamba
Aim: a black mamba (almost dead, slow, 63% to hit)
You feel a surge of power!
The stone arrow hits the black mamba!
You kill the black mamba!
Vehumet accepts your kill.
Unknown command.
A blink frog is nearby!
Casting: Stone Arrow (safe; 1% risk of failure)
Confirm with . or Enter, or press ? or * to list all spells.
Aiming: Stone Arrow (safe; 1% risk of failure)
Press: ? - help, Shift-Dir - straight line, f - blink frog
Aim: a blink frog (heavily wounded, slow, 61% to hit)
You feel a surge of power!
The stone arrow hits the blink frog!!
You kill the blink frog!
Vehumet accepts your kill.
Unknown command.
You start resting.
A boulder beetle is nearby!
The boulder beetle curls into a ball and begins rolling!
The boulder beetle hits you!!!
Ouch! That really hurt!
You die...

#.........## .#.F
##.......#.# ...#
#.........## ....#
####......## .....
#P....#°## ....#
###...°○#○##...##
##....○###†#Y....#
#.....B8.##....#
#...#..@..#.B.....#
..#...8.<..+.†.8...+
.#..##.............#
.... ##.8.##..###..#
P.. #####..... ## #
.###. .


You could see a boulder beetle (rolling).

Vanquished Creatures
  6 hydras
  Erolcha (D:9)
  2 two-headed ogres (D:10)
  Urug (Lair:5)
  Sonja (Lair:5)
  8 elephants
  3 black mambas
  A torpor snail (Lair:5)
  7 cane toads
  3 rime drakes
  3 komodo dragons
  A troll (D:9)
  A hornet (D:9)
  3 polar bears
  A tyrant leech (Lair:2)
  2 blink frogs (Lair:6)
  11 dream sheep (Lair:5)
  Prince Ribbit (D:6)
  A vampire (D:9)
  5 wyverns
  11 yaks (D:9)
  Grum (D:9)
  3 basilisks
  Eustachio (D:6)
  5 vampire mosquitoes (Lair:1)
  4 steam dragons
  A swamp worm (Lair:2)
  8 water moccasins
  4 swamp drakes (Lair:1)
  4 orc warriors (D:10)
  2 black bears
  A necrophage (D:7)
  A sky beast (D:6)
  2 ice beasts
  3 ogres
  14 wolves
  5 centaurs
  A kobold brigand (D:8)
  11 bullfrogs
  5 scorpions
  3 gnoll sergeants
  A water moccasin zombie (D:7)
  2 water moccasin skeletons
  14 wights
  An electric eel (D:7)
  8 howler monkeys
  A centaur zombie (D:9)
  5 orc priests
  A bullfrog skeleton (D:4)
  6 hounds
  3 jellies
  2 hell rats
  A scorpion zombie (D:5)
  4 iguanas
  2 orc wizards (D:4)
  A killer bee zombie (D:9)
  A hound zombie (D:5)
  9 gnolls
  A howler monkey skeleton (D:7)
  5 adders
  A shadow imp (D:7)
  2 white imps
  3 ufetubi
  3 adder skeletons
  2 worms
  A dart slug (D:4)
  16 orcs
  5 ball pythons
  10 endoplasms
  7 giant cockroaches
  5 hobgoblins
  2 jackals (D:2)
  2 quokkas (D:4)
  3 bats
  3 frilled lizards
  3 goblins
  17 kobolds
  7 rats
312 creatures vanquished.

Vanquished Creatures (others)
  A gnoll (D:6)
  18 fungi
  75 plants
94 creatures vanquished.

Grand Total: 406 creatures vanquished

Notes
Turn   | Place    | Note
-------+----------+-------------------------------------------
     0 | D:1      | ders the Gargoyle Earth Elementalist began the quest for
                  | the Orb.
     0 | D:1      | Reached XP level 1. HP: 10/10 MP: 3/3
   375 | D:1      | Reached skill level 1 in Conjurations
   375 | D:1      | Reached XP level 2. HP: 15/15 MP: 3/5
   506 | D:1      | Reached skill level 4 in Earth Magic
  1590 | D:2      | Reached XP level 3. HP: 12/19 MP: 4/6
  1832 | D:2      | Learned a level 3 spell: Stone Arrow
  2781 | D:3      | Found a faded altar of an unknown god.
  2914 | D:3      | Reached XP level 4. HP: 24/24 MP: 5/8
  3140 | D:3      | Found a glowing silver altar of Zin.
  3718 | D:4      | Reached XP level 5. HP: 27/28 MP: 2/9
  3881 | D:4      | Reached skill level 5 in Earth Magic
  3909 | D:4      | Noticed a black bear
  3915 | D:4      | Killed a black bear
  3916 | D:4      | Reached XP level 6. HP: 25/32 MP: 1/11
  4382 | D:4      | Reached skill level 6 in Earth Magic
  4382 | D:4      | Reached XP level 7. HP: 22/36 MP: 2/13
  5169 | D:4      | Learned a level 4 spell: Petrify
  5176 | D:5      | Entered Level 5 of the Dungeon
  5239 | D:5      | Reached skill level 5 in Conjurations
  5314 | D:5      | Found a staircase to the Ecumenical Temple.
  5320 | Temple   | Entered the Ecumenical Temple
  5569 | Temple   | Became a worshipper of Elyvilon the Healer
  5736 | D:5      | Reached skill level 7 in Earth Magic
  5757 | D:5      | Reached skill level 5 in Spellcasting
  5757 | D:5      | Reached XP level 8. HP: 24/41 MP: 0/15
  6201 | D:6      | Noticed Prince Ribbit
  6307 | D:6      | Found Hysk's Jewellery Shop.
  6310 | D:6      | Reached * piety under Elyvilon
  6320 | D:6      | Acquired a staff of earth
  6323 | D:6      | Acquired 794 gold pieces
  6596 | D:6      | Killed Prince Ribbit
  6597 | D:6      | Reached skill level 8 in Earth Magic
  6849 | D:6      | Found Diete Waa's Magic Scroll Emporium.
  6859 | D:6      | Bought a scroll of teleportation for 33 gold pieces
  6859 | D:6      | Bought a scroll of blinking for 82 gold pieces
  6859 | D:6      | Bought a scroll of blinking for 82 gold pieces
  6859 | D:6      | Bought a scroll of magic mapping for 38 gold pieces
  6885 | D:6      | Noticed Eustachio
  6889 | D:6      | Killed Eustachio
  6890 | D:6      | Reached XP level 9. HP: 45/45 MP: 1/18
  7044 | D:6      | Reached skill level 9 in Earth Magic
  8063 | D:7      | Found a blossoming altar of Fedhas.
  8065 | D:7      | Found a radiant altar of Vehumet.
  8414 | D:7      | Fell from the grace of Elyvilon
  8414 | D:7      | Became a worshipper of Vehumet
  8472 | D:8      | Reached skill level 10 in Earth Magic
  8477 | D:8      | Reached XP level 10. HP: 18/50 MP: 7/21
  8787 | D:8      | Found a staircase to the Lair.
  9804 | D:8      | Reached * piety under Vehumet
  9804 | D:8      | Offered knowledge of Freeze by Vehumet.
 10269 | D:9      | Reached skill level 11 in Earth Magic
 10394 | D:9      | Noticed Grum
 10472 | D:9      | Killed Grum
 10577 | D:9      | Reached skill level 10 in Conjurations
 10704 | D:9      | Noticed Erolcha
 10717 | D:9      | Killed Erolcha
 10979 | D:9      | Reached XP level 11. HP: 21/54 MP: 19/23
 11248 | D:9      | Reached skill level 12 in Earth Magic
 11259 | D:9      | Reached ** piety under Vehumet
 11454 | D:10     | Entered Level 10 of the Dungeon
 11470 | D:10     | Offered knowledge of Shock by Vehumet.
 11476 | D:10     | Noticed a two-headed ogre
 11481 | D:10     | Killed a two-headed ogre
 11968 | D:10     | Noticed a two-headed ogre
 11970 | D:10     | Killed a two-headed ogre
 12177 | D:10     | Found Xojafud's Weapon Emporium.
 12195 | D:10     | Offered knowledge of Conjure Flame by Vehumet.
 12292 | D:10     | Found a staircase to the Orcish Mines.
 12295 | D:10     | Found Wiosac's Armour Emporium.
 12543 | D:11     | Noticed Erica
 12551 | D:10     | Acquired the ring of Equivalence {rPois MP+9 Int+3}
 12647 | Lair:1   | Entered Level 1 of the Lair of Beasts
 12744 | Lair:1   | Reached *** piety under Vehumet
 13148 | Lair:1   | Reached skill level 13 in Earth Magic
 13152 | Lair:1   | Reached skill level 10 in Spellcasting
 13273 | Lair:1   | Noticed a seven-headed hydra
 14018 | Lair:2   | Offered knowledge of Frozen Ramparts by Vehumet.
 14059 | Lair:2   | Learned a level 3 spell: Frozen Ramparts
 14065 | Lair:2   | Learned a level 5 spell: Lightning Bolt
 14083 | Lair:2   | Noticed a five-headed hydra
 14093 | Lair:2   | Killed a five-headed hydra
 14094 | Lair:2   | Reached skill level 1 in Air Magic
 14094 | Lair:2   | Reached XP level 12. HP: 59/59 MP: 12/26
 14459 | Lair:2   | Noticed a five-headed hydra
 14460 | Lair:2   | Noticed a seven-headed hydra
 14506 | Lair:1   | Killed a seven-headed hydra
 15018 | Lair:2   | Killed a seven-headed hydra
 15345 | Lair:2   | Killed a five-headed hydra
 15583 | Lair:2   | Found a staircase to the Swamp.
 16096 | Lair:3   | Noticed a boulder beetle
 16751 | Lair:4   | Reached skill level 14 in Earth Magic
 17118 | Lair:4   | Reached **** piety under Vehumet
 17122 | Lair:4   | Found a hole to the Spider Nest.
 17259 | Lair:4   | Offered knowledge of Freezing Cloud by Vehumet.
 17266 | Lair:4   | Learned a level 5 spell: Freezing Cloud
 17445 | Lair:4   | Identified the +1 pair of boots of Jewurr {rN++ Slay+2}
 17895 | Lair:5   | Noticed Urug
 17907 | Lair:5   | Killed Urug
 18010 | Lair:5   | Noticed Sonja
 18013 | Lair:5   | Killed Sonja
 18014 | Lair:5   | Reached skill level 1 in Ice Magic
 18142 | Lair:5   | Reached XP level 13. HP: 63/63 MP: 28/28
 18369 | Lair:5   | Reached skill level 5 in Air Magic
 18715 | Lair:5   | Found a viscous altar of Jiyva.
 18715 | Lair:5   | Found a staircase to the Slime Pits.
 19095 | Lair:6   | Entered Level 6 of the Lair of Beasts
 19102 | Lair:6   | Reached ***** piety under Vehumet
 19289 | Lair:6   | Offered knowledge of Lee's Rapid Deconstruction by Vehumet.
 19318 | Lair:6   | Annihilated by a boulder beetle

Illustrated notes

Levels and vault maps discovered:
D:1:      erik_arrival_cave_to_civilisation [erik_arrival_cave_to_hall],
          layout_basic
D:2:      layout_rooms
D:3:      layout_loops_ring, zin_statuary, basic_ecumenical_altar,
          minmay_misc_feat_diagonals, chequers_serial_rivers_micro_d
D:4:      minmay_bubble_buster, layout_basic, serial_curves, eino_curves_01,
          eino_curves_04, minmay_tree_intersection, kennysheep_generic_room_15
D:5:      layout_gridville, minmay_temple_entry_nine_rooms, minmay_lizard_king
D:6:      minmay_evil_eye, layout_loops_ring, serial_shops,
          nicolae_lakefront_shop, nicolae_shop_hallway_stairs,
          uniq_prince_ribbit1, uniq_eustachio
D:7:      layout_basic, mainiacjoe_overflow_catwalk_spiral, serial_bayou_pond_b
D:8:      layout_rooms, lair_entry_dummy, hex_tiny
D:9:      layout_roguey, uniq_erolcha, uniq_grum
D:10:     layout_roguey, orc_david_3, hangedman_decor_opposing
D:11:     layout_basic, serial_rivers, chequers_serial_rivers_room_a,
          chequers_serial_rivers_marsh, chequers_serial_rivers_micro_c,
          chequers_serial_rivers_large_a, uniq_psyche, uniq_erica
Temple:   mainiacjoe_temple_bowtie_tessellation
Lair:1:   layout_loops_ring, pond, infiniplex_staircase_pool_2
Lair:2:   layout_roguey, palyth_hydra_swamp_entry, beast_lair_carwin_2,
          grunt_megastairs_3, serial_bayou_shore_b
Lair:3:   layout_layer_cave, serial_bayou_shore_a
Lair:4:   layout_roguey, nicolae_spider_entry_non_spiders
Lair:5:   layout_cellular_growth, dpeg_slime_entry_enclosed_altar,
          nicolae_lair_lil_pond, serial_bayou_shore_b, uniq_urug, uniq_sonja
Lair:6:   minmay_lair_end_frog_pond, layout_cave_pods, grunt_megastairs_1

Skill      XL: |  1  2  3  4  5  6  7  8  9 10 11 12 13 |
---------------+----------------------------------------+-----
Conjurations   | 1 2 3 4 5 7 8 10 11 12 13 | 13.3
Earth Magic    | 4 5 6 7 8 10 11 13 14 | 14.8
Spellcasting   | 3 4 5 6 7 8 10 11 | 11.8
Air Magic      | 1 4 5 |  5.2
Ice Magic      | 1 3 |  3.5
Fighting       | |  0.1
Dodging        | |  1.5
Stealth        | |  2.7
Transmutations | |  0.7

Action                   |  1- 3 |  4- 6 |  7- 9 | 10-12 | 13-15 || total
-------------------------+-------+-------+-------+-------+-------++-------
Melee: Dagger            |    40 |       |       |       |       ||    40
       Staff             |       |       |     3 |    10 |       ||    13
 Cast: Sandblast         |    38 |    51 |    60 |   137 |     4 ||   290
       Stone Arrow       |     8 |     8 |    71 |   226 |    34 ||   347
       Petrify           |       |       |       |    17 |       ||    17
       Frozen Ramparts   |       |       |       |     7 |       ||     7
       Freezing Cloud    |       |       |       |    11 |    22 ||    33
       Lightning Bolt    |       |       |       |       |     1 ||     1
  Use: Scroll            |       |       |    17 |    13 |       ||    30
       Potion            |       |       |     1 |     3 |       ||     4
 Stab: Petrified         |       |       |       |     7 |       ||     7
Armor: Robe              |    15 |     6 |    18 |   125 |    18 ||   182
Dodge: Dodged            |    27 |     9 |    39 |   111 |     7 ||   193

Table legend: (Time is in decaauts)
 A = Elapsed time spent in this place.
 B = Non-inter-level travel time spent in this place.
 C = Inter-level travel time spent in this place.
 D = Time resting spent in this place.
 E = Time spent auto-exploring this place.
 F = Levels seen in this place.
 G = Mean time per level.
                   A        B        C        D        E       F      G
               +--------+--------+--------+--------+--------+-----+--------+
         Total |  19353 |  18466 |    887 |   5487 |  10920 |  18 | 1075.2 |
       Dungeon |  12387 |  11989 |    398 |   4085 |   6611 |  11 | 1126.1 |
        Temple |    274 |    206 |     68 |      0 |    193 |   1 |  274.0 |
          Lair |   6691 |   6270 |    421 |   1402 |   4116 |   6 | 1115.2 |
               +--------+--------+--------+--------+--------+-----+--------+

Top non-repeatable levels by time:
  Lair:2: 2080 daAuts
     D:4: 1671 daAuts
     D:6: 1612 daAuts
     D:1: 1586 daAuts
  Lair:1: 1372 daAuts
     D:9: 1362 daAuts
     D:7: 1313 daAuts
  Lair:5: 1286 daAuts
  Lair:4: 1280 daAuts
     D:2: 1137 daAuts
    D:10: 1128 daAuts
     D:8: 1029 daAuts
     D:3: 779 daAuts
     D:5: 746 daAuts
  Lair:3: 449 daAuts
